 Dungeon Crawl Stone Soup version 0.31-a0-426-g3a05650e59 (webtiles) character file.

Game seed: 6233400100220851389

351274 hashsling the Phalangite (level 21, -2/156 HPs)
             Began as a Merfolk Venom Mage on July 30, 2023.
             Was the Champion of Vehumet.
             Slain by a stone giant (30 damage)
             ... on level 2 of the Vaults on July 31, 2023.
             The game lasted 04:39:32 (41865 turns).

hashsling the Phalangite (Merfolk Venom Mage)      Turns: 41865, Time: 04:39:33

Health: -2/156     AC: 20    Str: 18      XL:     21   Next: 84%
Magic:  35/35      EV: 36    Int:  3 (14) God:    Vehumet [******]
Gold:   2814       SH:  0    Dex: 35      Spells: 22/40 levels left

rFire   + . .        R - +9 demon trident (flame)
rCold   x x .        T - +5 kite shield of Liberty {Int+3 Dex+4}
rNeg    . . .        H - +2 robe "Peaskey" {+Blink Regen+ Str+4 Dex-2}
rPois   +            m - +3 hat of Hospitality {rF+++ Str+4 Dex+4 Stlth-}
rElec   +            q - +0 cloak
rCorr   .            l - +1 pair of gloves
SInv    .            h - +2 pair of boots
Will    +....        j - amulet of Elemental Vulnerability {rPois rF-- rC-- AC+8}
Stlth   ++           x - +5 ring of evasion
HPRegen 0.00/turn    P - ring "Huifuz" {rElec Dex+6 Stlth+}
MPRegen 0.24/turn

%: no passive effects
@: confused, ambrosia-drunk, sick, studying 2 skills
A: (nimble swimmer 2), mertail, deformed body, deterioration 1, frail 2, [dopey
2]
}: 3/15 runes: serpentine, barnacled, abyssal
a: Renounce Religion, Evoke Blink


You were on level 2 of the Vaults.
You worshipped Vehumet.
Vehumet was exalted by your worship.
You visited 8 branches of the dungeon, and saw 36 of its levels.
You visited the Abyss 2 times.
You also visited: Ice Cave.

You collected 5434 gold pieces.
You spent 2620 gold pieces at shops.

Inventory:

Hand Weapons
 v - a +5 antimagic spear
 Q - a +0 spectral demon trident
 R - a +9 demon trident of flaming (weapon)
Armour
 h - a +2 pair of boots (worn)
 l - a +1 pair of gloves (worn)
 m - the +3 hat of Hospitality (worn) {rF+++ Str+4 Dex+4 Stlth-}
   (You found it on level 2 of the Dungeon)

   Str:       It affects your strength (+4).
   Dex:       It affects your dexterity (+4).
   rF:        It renders you almost immune to fire.
   Stlth:     It makes you less stealthy.
 q - a +0 cloak (worn)
 H - the +2 robe "Peaskey" (worn) {+Blink Regen+ Str+4 Dex-2}
   (You bought it in a shop on level 2 of the Orcish Mines)

   Str:       It affects your strength (+4).
   Dex:       It affects your dexterity (-2).
   +Blink:    It lets you blink.
   Regen:     It increases your rate of health regeneration.
 T - the +5 kite shield of Liberty (worn) {Int+3 Dex+4}
   (You took it off Asterion on level 1 of the Vaults)

   Int:       It affects your intelligence (+3).
   Dex:       It affects your dexterity (+4).
 Z - a +2 tower shield of cold resistance
Magical Staves
 U - the staff of Embarrassment {rPois Str+3 Dex+3 Poison}
   (You found it on level 3 of the Elven Halls)

   [staff of poison]

   Base accuracy: +5 Base damage: 5 Base attack delay: 1.2 This weapon's minimum
   attack delay (0.6) is reached at skill level 12.
   Str:       It affects your strength (+3).
   Dex:       It affects your dexterity (+3).
   rPois:     It protects you from poison.
   Poison:    It increases the power of your Poison spells.
   It falls into the 'Staves' category.
   It is a one-handed weapon.
Jewellery
 j - the amulet of Elemental Vulnerability (around neck) {rPois rF-- rC-- AC+8}
   (You found it on level 3 of the Dungeon)

   [amulet of nothing]

   AC:        It affects your AC (+8).
   rF:        It makes you very vulnerable to fire.
   rC:        It makes you very vulnerable to cold.
   rPois:     It protects you from poison.
 o - a ring of protection from cold
 w - an amulet of reflection
 x - a +5 ring of evasion (left hand)
 E - the ring of Spontaneous Combustion {rF+ SInv}
   (You took it off a deep elf high priest on level 3 of the Elven Halls)

   [ring of see invisible]

   rF:        It protects you from fire.
   SInv:      It lets you see invisible.
 N - a ring of flight
 P - the ring "Huifuz" (right hand) {rElec Dex+6 Stlth+}
   (You found it on level 4 of the Shoals)

   [ring of dexterity]

   Dex:       It affects your dexterity (+6).
   rElec:     It insulates you from electricity.
   Stlth:     It makes you more stealthy.
Wands
 a - a wand of quicksilver (5)
 y - a wand of charming (14)
 B - a wand of mindburst (28)
 L - a wand of roots (33)
 Y - a wand of digging (7)
Scrolls
 c - a scroll of torment {unknown}
 d - 5 scrolls of fear
 s - 3 scrolls of fog
 z - 8 scrolls of teleportation
 F - a scroll of enchant armour
 G - 2 scrolls of poison
 I - 3 scrolls of enchant weapon
 O - 2 scrolls of blinking
 V - 4 scrolls of revelation
Potions
 b - 4 potions of magic
 e - 2 potions of brilliance
 f - 3 potions of enlightenment
 i - 3 potions of curing
 k - a potion of invisibility
 n - 3 potions of cancellation
 p - 2 potions of ambrosia
 t - 3 potions of might
 u - 7 potions of haste
 D - 2 potions of resistance
 S - 2 potions of berserk rage {unknown}
Miscellaneous
 r - a phial of floods (inert)
 A - a phantom mirror (inert)
 C - a sack of spiders (inert)
 K - a lightning rod (1/4)


   Skills:
 + Level 24.3 Fighting
 + Level 25.2 Polearms
 + Level 15.1 Dodging
 - Level 4.0 Stealth
 + Level 12.1 Shields
 - Level 10.0 Spellcasting
 - Level 12.0 Transmutations
 - Level 15.0 Poison Magic
 - Level 6.0 Evocations


You had 22 spell levels left.
You knew the following spells:

 Your Spells              Type           Power      Damage    Failure   Level
a - Sting                 Tmut/Pois      36%        1d4       1%          1
b - Poisonous Vapours     Pois/Air       12%        N/A       1%          2
c - Olgreb's Toxic Radia  Pois           10%        N/A       1%          4
d - Alistair's Intoxicat  Tmut/Pois      6%         N/A       4%          5
e - Eringya's Noxious Bo  Tmut/Pois      4%         4d6       7%          6

Your spell library contained the following spells:

 Spells                   Type           Power      Damage    Failure   Level
 Maxwell's Capacitive Co  Air            0%         ∞         100%        8
 Polar Vortex             Ice            0%         N/A       100%        9
 Shatter                  Erth           0%         3d5*      100%        9
 Mephitic Cloud           Conj/Pois/Air  4%         N/A       4%          3
 Foxfire                  Conj/Fire      4%         2x1d4     11%         1
 Freeze                   Ice            4%         1d3       11%         1
 Magic Dart               Conj           4%         1d3       11%         1
 Momentum Strike          Conj/Tloc      2%         3d8       16%         2
 Searing Ray              Conj           2%         2d4       16%         2
 Frozen Ramparts          Ice            2%         1d1       30%         3
 Hailstorm                Conj/Ice       1%         3d3       30%         3
 Stone Arrow              Conj/Erth      2%         3d7       30%         3
 Apportation              Tloc           2%         N/A       38%         1
 Necrotise                Necr           4%         1d4       38%         1
 Summon Small Mammal      Summ           4%         N/A       38%         1
 Blink                    Tloc           2%         N/A       52%         2
 Ensorcelled Hibernation  Hex/Ice        2%         N/A       52%         2
 Lesser Beckoning         Tloc           2%         N/A       52%         2
 Fulminant Prism          Conj/Hex       0%         3d5       67%         4
 Ozocubu's Armour         Ice            1%         N/A       77%         3
 Vampiric Draining        Necr           1%         2d6       77%         3
 Vhi's Electric Charge    Tloc/Air       2%         N/A       77%         3
 Arcjolt                  Conj/Air       0%         1d10      93%         5
 Anguish                  Hex/Necr       0%         N/A       99%         4
 Animate Armour           Summ/Erth      2%         N/A       99%         4
 Animate Dead             Necr           1%         N/A       99%         4
 Passage of Golubria      Tloc           1%         N/A       99%         4
 Summon Ice Beast         Ice/Summ       1%         N/A       99%         4
 Agony                    Necr           1%         N/A       100%        5
 Borgnjor's Vile Clutch   Necr/Erth      0%         N/A       100%        5
 Metabolic Englaciation   Hex/Ice        0%         N/A       100%        5
 Silence                  Hex/Air        0%         N/A       100%        5
 Summon Forest            Summ/Tloc      0%         N/A       100%        5
 Summon Mana Viper        Hex/Summ       1%         N/A       100%        5
 Death Channel            Necr           0%         N/A       100%        6
 Plasma Beam              Fire/Air       0%         2x1d10    100%        6
 Simulacrum               Ice/Necr       0%         N/A       100%        6
 Starburst                Conj/Fire      0%         6d3       100%        6
 Summon Cactus Giant      Summ           0%         N/A       100%        6
 Haunt                    Necr/Summ      0%         N/A       100%        7
 Malign Gateway           Summ/Tloc      0%         N/A       100%        7
 Monstrous Menagerie      Summ           0%         N/A       100%        7
 Summon Hydra             Summ           0%         N/A       100%        7
 Borgnjor's Revivificati  Necr           0%         N/A       100%        8
 Lehudib's Crystal Spear  Conj/Erth      0%         10d2      100%        8
 Summon Horrible Things   Summ           0%         N/A       100%        8
 Death's Door             Necr           0%         N/A       100%        9


Dungeon Overview and Level Annotations

Branches:
Dungeon (15/15)            Temple (1/1) D:5            Lair (5/5) D:10
 Shoals (4/4) Lair:2        Snake (4/4) Lair:2        Slime (0/5) Lair:4
    Orc (2/2) D:10            Elf (3/3) Orc:2        Vaults (2/5) D:13
 Depths (0/4) D:15          IceCv (visited)
  Crypt: Vaults:2-3

Altars:
Ashenzari
Cheibriados
Dithmenos
Elyvilon
Fedhas
Gozag
Hepliaklqana
Kikubaaqudgha
Makhleb
Nemelex Xobeh
Okawaru
Qazlal
Ru
Sif Muna
Trog
Uskayaw
Vehumet
Wu Jian
Xom
Yredelemnul
Zin
The Shining One
Jiyva

Shops:
D:2 *   D:10 [   D:11 *   D:15 (   Orc:2 ((*[[   Elf:2 :*   Elf:3 !
Snake:2 ((   Vaults:1 [

Annotations:
D:9 2 runed translucent doors
Snake:2 6 transporters


Innate Abilities, Weirdness & Mutations

((You are very nimble when in or above water. (Stealth+, EV+, Speed+++)))
Your lower body shifts to a powerful aquatic tail in water.
Armour fits poorly on your strangely shaped body.
Your body sometimes deteriorates upon taking damage.
You are very frail. (-20% HP)
[You are very dopey. (Int -4)]


Message History

Your toxic aura wanes.
Your extra speed is starting to run out.
You feel yourself slow down.
You feel better.
You flicker for a moment.
The yaktaur captain shouts!
You hear a faint skittering sound. x2
A stone giant comes into view.
Casting: Olgreb's Toxic Radiance (safe; 1% risk of failure)
Confirm with . or Enter, or press ? or * to list all spells.
You begin to radiate toxic energy.
The stone giant shouts!
The stone giant is poisoned.
The yaktaur captain is poisoned.
The yaktaur captain looks even sicker.
You hear a shout!
You block the stone giant's attack. You block the yaktaur captain's attack.
You hear a shout!
You catch the helpless yaktaur captain completely off-guard!
You puncture the yaktaur captain! You burn the yaktaur captain!
The yaktaur captain is moderately wounded.
The yaktaur captain looks even sicker.
You flicker back into view.
The yaktaur captain hits you!
* * * LOW HITPOINT WARNING * * *
You block the stone giant's attack.
You feel better.
Your toxic aura wanes.
The yaktaur captain hits you but does no damage.
You block the stone giant's attack.
You are confused.
You feel invigorated. The yaktaur captain closely misses you.
The stone giant completely misses you.
You closely miss the yaktaur captain.
The yaktaur captain is moderately wounded.
You bump into the stone wall.
The yaktaur captain completely misses you.
The stone giant misses you.
You impale the yaktaur captain!! You burn the yaktaur captain!
The yaktaur captain is almost dead.
The stone giant hits you!!
You die...

.....# #...)........
..!..# #........$...
.....# #.†.[........
.....########............
.............p...........
#############'####.......
..).Qp.B....B...)#.......
.###############c#......
.# '.'.'.C@# ....
.###############.#
.................#
##+############### .....#
..^..# .....# ..>..+
.....#


You could see a stone giant (poisoned) and a yaktaur captain (very poisoned).

Vanquished Creatures
  Xtahua (Vaults:2)
  Norris (Vaults:1)
  Nikola (Vaults:1)
  Rupert (Lair:4)
  A tentacled monstrosity (Shoals:1)
  Asterion (Vaults:1)
  2 deep elf master archers (Elf:3)
  An Executioner (Abyss:5)
  2 deep elf blademasters (Elf:3)
  4 krakens
  4 tentacled starspawn (Abyss:5)
  Gastronok (D:11)
  The ghost of Onluw the Peltast, an adept DsWn of Cheibriados (Shoals:2)
  Frances (D:13)
  4 nagarajas
  The ghost of Qiytos the Severer, an adept MiMo of Ashenzari (Snake:3)
  Aizul (Elf:2)
  A draconian monk (Abyss:5)
  A draconian knight (Abyss:5)
  A frost giant (Shoals:4)
  4 deep elf sorcerers
  Louise (Elf:3)
  2 vault wardens
  4 deep elf elementalists
  An orc warlord (Orc:2)
  A cacodemon (Abyss:5)
  A draconian stormcaller (Abyss:5)
  A draconian annihilator (Abyss:5)
  5 ironbound preservers (Vaults:1)
  A reaper (IceCv)
  2 ironbound thunderhulks
  2 very ugly things
  5 deep elf demonologists (Elf:3)
  6 deep elf annihilators (Elf:3)
  5 dire elephants (Vaults:2)
  3 starcursed masses
  The ghost of lovewater the Grappler, a journeyman TrGl of Wu Jian (Lair:3)
  7 deep elf death magi
  2 merfolk javelineers (Shoals:4)
  2 fire dragons (D:15)
  12 merfolk impalers
  5 deep elf high priests
  Josephine (D:13)
  A yaktaur captain (Vaults:1)
  5 salamander tyrants
  A vault guard (D:13)
  Erolcha (Orc:1)
  7 great orbs of eyes
  The ghost of Peulonen the Impaler, a journeyman TeDe of Hepliaklqana (Lair:4)
  2 alligator snapping turtles
  6 hydras
  2 merfolk avatars
  10 two-headed ogres
  2 ironbound frosthearts
  Erica (Orc:1)
  3 boulder beetles
  6 catoblepae
  33 dancing weapons
  6 anacondas
  7 merfolk aquamancers (Shoals:4)
  A tengu warrior (D:13)
  6 centaur warriors
  6 death yaks (Lair:5)
  17 naga warriors
  A satyr (Shoals:4)
  10 naga sharpshooters
  13 shock serpents
  3 thrashing horrors
  2 hell hogs (Abyss:5)
  3 orc high priests
  13 deep elf knights
  Sonja (D:12)
  Urug (D:13)
  Nergalle (D:12)
  A shadow wraith (Abyss:5)
  Amaemon (Lair:3)
  5 wretched stars
  A salamander mystic (Snake:3)
  Lodul (D:13)
  2 spatial maelstroms (Abyss:5)
  A fire crab (Lair:5)
  A sixfirhy (Abyss:5)
  4 skysharks
  An orb spider (Abyss:5)
  11 sea snakes
  9 deep trolls (Vaults:1)
  3 naga ritualists
  A kraken simulacrum (Shoals:4)
  An obsidian statue (D:9)
  2 lindwurms
  17 deep elf archers
  6 ironbound convokers
  A wizard (Vaults:1)
  32 deep elf pyromancers
  2 orc knights
  A necromancer (Vaults:2)
  15 harpies
  29 deep elf zephyrmancers
  33 ugly things
  4 draconians (Abyss:5)
  10 cyclopes
  9 fauns
  10 orc sorcerers
  9 mana vipers
  20 manticores
  21 salamanders
  2 worldbinders (Abyss:5)
  A torpor snail (Lair:1)
  A human skeleton (Vaults:2)
  5 guardian serpents
  Joseph (D:9)
  11 elephants
  10 naga magi
  2 ice statues (IceCv)
  2 water nymphs (Shoals:4)
  28 black mambas
  8 merfolk sirens
  6 vault sentinels
  A smoke demon (Abyss:5)
  2 orange demons
  An unseen horror (shapeshifter) (D:15)
  12 cane toads
  3 gargoyles
  2 human zombies (Vaults:2)
  A freezing wraith (D:15)
  6 komodo dragons
  3 unseen horrors
  7 yaktaurs (Vaults:1)
  5 rime drakes
  An elf skeleton (Vaults:2)
  5 tengu conjurers
  An anaconda simulacrum (IceCv)
  6 ice devils (IceCv)
  3 ancient zymes (Abyss:5)
  2 trolls
  A polar bear (Lair:2)
  26 merfolk
  A hornet (D:8)
  11 wind drakes
  A silent spectre (Abyss:3)
  A hellwing (Abyss:5)
  7 snapping turtles
  12 dream sheep
  26 raiju
  13 blink frogs
  9 slime creatures
  A shadow (D:9)
  2 vampires (D:10)
  12 water elementals
  7 large abominations
  A centaur simulacrum (D:13)
  A spriggan (Lair:2)
  An air elemental (Elf:3)
  13 wraiths
  63 yaks
  2 flying skulls (Abyss:5)
  4 wyverns
  4 basilisks
  A chaos spawn (Abyss:5)
  A yak (shapeshifter) (Elf:2)
  A ynoxinul (Abyss:5)
  3 golden eyes (Abyss:3)
  3 steam dragons
  A death yak simulacrum (IceCv)
  2 fire elementals (Elf:2)
  3 vampire mosquitoes
  4 wargs (Orc:1)
  A spatial vortex (Abyss:5)
  A glowing shapeshifter zombie (Vaults:2)
  2 acid dragons
  36 nagas
  A harpy simulacrum (IceCv)
  13 water moccasins
  2 ice beasts
  26 orc warriors
  4 black bears
  4 small abominations
  4 boggarts (Vaults:1)
  32 ogres
  A phantom (D:6)
  13 wolves
  20 centaurs
  5 kobold brigands
  10 bullfrogs
  4 scorpions
  2 cane toad simulacra (IceCv)
  3 earth elementals
  2 two-headed ogre simulacra (IceCv)
  14 wights
  2 elephant simulacra (IceCv)
  5 electric eels
  10 howler monkeys
  4 lava snakes (Lair:2)
  6 jellies
  3 hounds
  16 orc priests
  2 sleepcaps
  Jessica (D:2)
  Natasha (twice) (D:3)
  5 iguanas
  37 orc wizards
  2 polar bear simulacra (IceCv)
  3 spriggan simulacra (IceCv)
  4 troll simulacra (IceCv)
  A wolf simulacrum (IceCv)
  An ogre zombie (Orc:1)
  Robin (D:4)
  5 gnolls (D:5)
  11 adders
  3 naga simulacra (IceCv)
  A shadow imp (D:7)
  14 white imps
  4 ufetubi
  2 dart slugs
  68 orcs
  4 ball pythons
  4 bats
  10 endoplasms
  A giant cockroach (D:1)
  9 hobgoblins
  3 jackals (D:2)
  26 kobolds
  7 quokkas
  19 goblins
  4 rats
  A lurking horror (Abyss:5)
  3 starspawn tentacles (Abyss:5)
  4 tentacles
1425 creatures vanquished.

Vanquished Creatures (collateral kills)
  A quicksilver dragon (Abyss:5)
  A deep elf demonologist (Elf:3)
  A deep elf death mage (Elf:3)
  A large abomination (Abyss:5)
4 creatures vanquished.

Vanquished Creatures (others)
  A hydra (Lair:2)
  A naga warrior (Snake:3)
  A dancing weapon (Elf:2)
  4 deep elf knights
  A wizard (Vaults:2)
  A deep elf zephyrmancer (Elf:1)
  A small abomination (Abyss:5)
  An ufetubus (IceCv)
  An orc (Orc:2)
  A foxfire (Abyss:5)
  18 starspawn tentacles (Abyss:5)
  30 tentacles
61 creatures vanquished.

Grand Total: 1490 creatures vanquished

Notes
Turn   | Place    | Note
-------+----------+-------------------------------------------
     0 | D:1      | hashsling the Merfolk Venom Mage began the quest for the
                  | Orb.
     0 | D:1      | Reached XP level 1. HP: 13/13 MP: 3/3
   414 | D:1      | Reached XP level 2. HP: 18/20 MP: 1/5
   417 | D:1      | Learned a level 2 spell: Poisonous Vapours
   950 | D:2      | You fall into a shaft and drop 2 floors!
  1037 | D:4      | Reached skill level 1 in Fighting
  1037 | D:4      | Reached skill level 1 in Polearms
  1037 | D:4      | Reached XP level 3. HP: 19/26 MP: 1/6
  1092 | D:4      | Noticed a scorpion
  1160 | D:4      | Found a snail-covered altar of Cheibriados.
  1258 | D:3      | Reached XP level 4. HP: 29/32 MP: 1/7
  1267 | D:3      | Reached skill level 2 in Polearms
  1272 | D:3      | Learned a level 4 spell: Olgreb's Toxic Radiance
  1302 | D:3      | Noticed a scorpion
  1357 | D:2      | Found Werungup's General Store.
  1360 | D:2      | Identified the +3 hat of Hospitality {rF+++ Str+4 Dex+4
                  | Stlth-}
  1532 | D:2      | Noticed Jessica
  1539 | D:2      | Killed Jessica
  1569 | D:2      | Reached XP level 5. HP: 39/39 MP: 0/8
  1883 | D:2      | Reached skill level 3 in Polearms
  2000 | D:2      | Bought a scroll of identify for 24 gold pieces
  2282 | D:3      | Noticed Natasha
  2296 | D:3      | Killed Natasha
  2393 | D:3      | Reached skill level 4 in Polearms
  2393 | D:3      | Reached skill level 5 in Poison Magic
  2393 | D:3      | Reached XP level 6. HP: 47/47 MP: 3/9
  2728 | D:3      | Found the amulet of Elemental Vulnerability {rPois rF--
                  | rC-- AC+8}
  3037 | D:3      | Noticed Natasha
  3046 | D:3      | Killed Natasha
  3660 | D:4      | Reached skill level 5 in Polearms
  3660 | D:4      | Reached XP level 7. HP: 14/54 MP: 5/10
  3811 | D:4      | Noticed Robin
  3817 | D:4      | Killed Robin
  3950 | D:4      | Found a sparkling altar of Nemelex Xobeh.
  4148 | D:5      | Entered Level 5 of the Dungeon
  4222 | D:5      | Found a staircase to the Ecumenical Temple.
  4231 | Temple   | Entered the Ecumenical Temple
  4308 | Temple   | Became a worshipper of Vehumet
  4428 | D:5      | Found a hazy altar of Hepliaklqana.
  4428 | D:5      | Found a glowing silver altar of Zin.
  4530 | D:5      | Reached skill level 5 in Fighting
  4530 | D:5      | Reached skill level 6 in Polearms
  4541 | D:5      | Reached XP level 8. HP: 54/63 MP: 0/11
  4710 | D:5      | Reached skill level 7 in Polearms
  5042 | D:5      | Found an iron altar of Okawaru.
  5246 | D:5      | Found a shimmering altar of Xom.
  5246 | D:5      | Found a bloodstained altar of Trog.
  5700 | D:5      | Reached skill level 8 in Polearms
  6059 | D:6      | Reached * piety under Vehumet
  6059 | D:6      | Offered knowledge of Foxfire by Vehumet.
  6072 | D:6      | Reached XP level 9. HP: 67/72 MP: 1/12
  6100 | D:6      | Reached skill level 9 in Polearms
  6155 | D:6      | Found a basalt altar of Yredelemnul.
  7453 | D:7      | Reached skill level 10 in Polearms
  8167 | D:8      | Found a broken altar of Ashenzari.
  8222 | D:8      | Offered knowledge of Magic Dart by Vehumet.
  8243 | D:8      | Noticed a hornet
  8252 | D:8      | Killed a hornet
  8253 | D:8      | Reached XP level 10. HP: 83/83 MP: 5/13
  8390 | D:8      | Reached skill level 11 in Polearms
  8466 | D:8      | Found an opulent altar of Gozag.
  8513 | D:8      | Reached ** piety under Vehumet
  8906 | D:8      | Found an ornate altar of the Wu Jian Council.
  8924 | D:9      | Found a runed translucent door.
  8977 | D:9      | Reached skill level 10 in Fighting
  9009 | D:9      | Noticed an obsidian statue
  9017 | D:9      | Found a runed translucent door.
  9017 | D:9      | Found a runed translucent door.
  9019 | D:9      | Noticed an orange demon
  9036 | D:9      | Killed an obsidian statue
  9037 | D:9      | Reached skill level 12 in Polearms
  9045 | D:9      | Offered knowledge of Dazzling Flash by Vehumet.
  9046 | D:9      | Found a runed translucent door.
  9324 | D:9      | Noticed Joseph
  9346 | D:9      | Killed Joseph
  9468 | D:9      | Reached *** piety under Vehumet
  9748 | D:10     | Entered Level 10 of the Dungeon
  9748 | D:10     | Noticed a two-headed ogre
  9760 | D:10     | Reached skill level 13 in Polearms
  9760 | D:10     | Reached XP level 11. HP: 62/93 MP: 4/14
  9770 | D:10     | Killed a two-headed ogre
  9995 | D:10     | Offered knowledge of Sticky Flame by Vehumet.
 10021 | D:10     | Found a staircase to the Orcish Mines.
 10295 | D:10     | Found Nyemisk's Armour Boutique.
 10611 | D:10     | Identified the +3 scale mail "Qapt" {Str+3}
 10711 | D:10     | Noticed a two-headed ogre
 10719 | D:10     | Killed a two-headed ogre
 10720 | D:10     | Reached skill level 14 in Polearms
 10876 | D:10     | Found a staircase to the Lair.
 10944 | D:11     | Found Fyocs's General Store.
 10953 | D:11     | Bought a scroll of identify for 22 gold pieces
 10953 | D:11     | Bought a potion of curing for 33 gold pieces
 11041 | D:11     | Reached **** piety under Vehumet
 11102 | D:11     | Noticed Gastronok
 11124 | D:11     | Killed Gastronok
 11125 | D:11     | Reached skill level 15 in Polearms
 11125 | D:11     | Reached skill level 10 in Poison Magic
 11302 | D:11     | Noticed a manticore
 11304 | D:11     | Killed a manticore
 11314 | D:11     | Reached XP level 12. HP: 96/103 MP: 15/15
 11525 | D:11     | Offered knowledge of Lee's Rapid Deconstruction by Vehumet.
 11759 | D:12     | Noticed Sonja
 11767 | D:12     | Reached skill level 16 in Polearms
 11773 | D:12     | Killed Sonja
 11877 | D:12     | Noticed a two-headed ogre
 11884 | D:12     | Killed a two-headed ogre
 11946 | D:12     | Noticed a boulder beetle
 11961 | D:12     | Killed a boulder beetle
 12132 | D:12     | Noticed Nergalle
 12161 | D:12     | Killed Nergalle
 12164 | D:12     | Noticed a boulder beetle
 12184 | D:12     | Killed a boulder beetle
 12595 | D:12     | Reached skill level 15 in Fighting
 13048 | D:13     | Noticed a centaur warrior
 13061 | D:13     | Killed a centaur warrior
 13063 | D:13     | Noticed a catoblepas
 13181 | D:13     | Killed a catoblepas
 13182 | D:13     | Reached XP level 13. HP: 95/117 MP: 12/16
 13478 | D:13     | Noticed Josephine
 13486 | D:13     | Killed Josephine
 13510 | D:13     | Noticed Urug
 13523 | D:13     | Killed Urug
 13863 | D:13     | Noticed Lodul
 13870 | D:13     | Killed Lodul
 13874 | D:13     | Reached ***** piety under Vehumet
 14077 | D:13     | Offered knowledge of Freezing Cloud by Vehumet.
 14078 | D:13     | Reached skill level 5 in Dodging
 14078 | D:13     | Noticed a vault guard
 14091 | D:13     | Killed a vault guard
 14110 | D:13     | Found a gate to the Vaults.
 14341 | D:13     | Noticed Frances
 14368 | D:13     | Killed Frances
 14926 | D:14     | Reached skill level 17 in Polearms
 15134 | D:14     | Reached XP level 14. HP: 110/130 MP: 12/17
 15138 | D:14     | Reached skill level 18 in Polearms
 15909 | D:15     | Entered Level 15 of the Dungeon
 16196 | D:15     | Found a glowing silver altar of Zin.
 16536 | D:15     | Found a staircase to the Depths.
 16704 | D:15     | Reached skill level 19 in Polearms
 17086 | D:15     | Found Uxtadib's Weapon Boutique.
 17277 | Orc:1    | Entered Level 1 of the Orcish Mines
 17280 | Orc:1    | Noticed Erica
 17290 | Orc:1    | Killed Erica
 17594 | Orc:2    | Entered Level 2 of the Orcish Mines
 17594 | Orc:2    | Noticed an orc warlord
 17594 | Orc:2    | Found a frozen archway.
 17838 | IceCv    | Entered an ice cave
 18178 | IceCv    | Offered knowledge of Ozocubu's Refrigeration by Vehumet.
 18245 | IceCv    | Identified the ring "Taeguk" {Ice Int+4}
 18245 | IceCv    | Noticed a reaper
 18259 | IceCv    | Killed a reaper
 18845 | Orc:2    | Reached skill level 1 in Shields
 18884 | Orc:2    | Reached XP level 15. HP: 136/139 MP: 18/18
 18914 | Orc:2    | HP: 3/138 [orc priest/divine providence (14)]
 18916 | Orc:2    | Reached skill level 20 in Polearms
 18916 | Orc:2    | Killed an orc warlord
 19210 | Orc:2    | Found a staircase to the Elven Halls.
 19325 | Orc:2    | Found Oczecw's Weapon Emporium.
 19325 | Orc:2    | Found Wumn's Armour Shoppe.
 19326 | Orc:2    | Found Pyuffueski's Antique Armour Shoppe.
 19330 | Orc:2    | Found Geromoka's General Store.
 19334 | Orc:2    | Bought a scroll of identify for 24 gold pieces
 19336 | Orc:2    | Bought the +2 leather armour "Gaasy" {Str+5} for 531 gold
                  | pieces
 19348 | Orc:2    | Bought a phial of floods for 480 gold pieces
 19349 | Orc:2    | Bought an embroidered robe for 107 gold pieces
 19349 | Orc:2    | Bought a shiny helmet for 217 gold pieces
 19349 | Orc:2    | Bought a colourful robe for 165 gold pieces
 19349 | Orc:2    | Identified the +2 robe "Peaskey" {+Blink Regen+ Str+4
                  | Dex-2} (You bought it in a shop on level 2 of the Orcish
                  | Mines)
 19653 | Orc:2    | Found Filluan's Antique Weapon Emporium.
 19828 | Orc:2    | Found a shimmering blue altar of Sif Muna.
 19908 | Orc:1    | Reached skill level 1 in Evocations
 20127 | Orc:1    | Reached ****** piety under Vehumet
 20224 | Orc:1    | Offered knowledge of Yara's Violent Unravelling by Vehumet.
 20259 | Orc:1    | Noticed Erolcha
 20280 | Orc:1    | Killed Erolcha
 20493 | Lair:1   | Entered Level 1 of the Lair of Beasts
 20519 | Lair:1   | Reached skill level 5 in Shields
 21768 | Lair:2   | Offered knowledge of Leda's Unmaking by Vehumet.
 22069 | Lair:2   | Found a staircase to the Snake Pit.
 22210 | Lair:2   | Found a staircase to the Shoals.
 22421 | Lair:3   | Noticed Amaemon
 22432 | Lair:3   | Killed Amaemon
 22433 | Lair:3   | Reached skill level 5 in Evocations
 22906 | Lair:3   | Reached XP level 16. HP: 148/148 MP: 19/19
 22955 | Lair:3   | Noticed lovewater's ghost (journeyman TrGl)
 22981 | Lair:3   | Found a runed translucent door.
 23011 | Lair:3   | Killed lovewater's ghost
 23172 | Lair:4   | Found a runed translucent gate.
 23172 | Lair:4   | Found a runed translucent gate.
 23172 | Lair:4   | Found a runed translucent gate.
 23179 | Lair:4   | Noticed Rupert
 23200 | Lair:4   | Killed Rupert
 23384 | Lair:4   | Found a viscous altar of Jiyva.
 23384 | Lair:4   | Found a staircase to the Slime Pits.
 23523 | Lair:4   | Reached skill level 10 in Dodging
 23719 | Lair:4   | Noticed Peulonen's ghost (journeyman TeDe)
 23746 | Lair:4   | Killed Peulonen's ghost
 23877 | Lair:5   | Entered Level 5 of the Lair of Beasts
 23999 | Lair:5   | Found a glowing golden altar of the Shining One.
 24110 | Lair:5   | Reached skill level 5 in Transmutations
 24471 | Lair:5   | Offered knowledge of Orb of Destruction by Vehumet.
 25350 | Shoals:1 | Entered Level 1 of the Shoals
 25405 | Shoals:1 | Reached skill level 10 in Shields
 25687 | Shoals:1 | Found a basalt altar of Yredelemnul.
 25806 | Shoals:1 | Found an ancient bone altar of Kikubaaqudgha.
 26186 | Shoals:1 | Reached XP level 17. HP: 157/158 MP: 20/20
 26232 | Shoals:1 | Identified the ring "Tesyelatt" {Str+6 Int+4}
 26255 | Shoals:1 | Noticed a tentacled monstrosity
 26274 | Shoals:1 | Killed a tentacled monstrosity
 26280 | Shoals:1 | Got Dispater's Incunable of Mad Ravings
 26321 | Shoals:1 | Noticed a kraken
 26345 | Shoals:1 | Killed a kraken
 26346 | Shoals:1 | Reached skill level 21 in Polearms
 26637 | Shoals:2 | Found a runed translucent door.
 26654 | Shoals:2 | Noticed Onluw's ghost (adept DsWn)
 26684 | Shoals:2 | Killed Onluw's ghost
 26888 | Shoals:2 | Identified the +1 robe "Ydirghenne" {Rampage *Slow rPois}
 27171 | Shoals:2 | Noticed a kraken
 27197 | Shoals:2 | Killed a kraken
 27911 | Shoals:3 | Identified a scroll of acquirement
 27912 | Shoals:3 | Acquired a manual of Spellcasting
 27921 | Shoals:3 | Learned a level 6 spell: Eringya's Noxious Bog
 28315 | Shoals:4 | Entered Level 4 of the Shoals
 28349 | Shoals:4 | Offered knowledge of Spellforged Servitor by Vehumet.
 28377 | Shoals:4 | Identified the +3 longbow of Conflict {flame, rF+ Str-5
                  | Int+3 SInv}
 28481 | Shoals:4 | Noticed a kraken
 28495 | Shoals:4 | Killed a kraken
 28763 | Shoals:4 | Identified the ring "Huifuz" {rElec Dex+6 Stlth+}
 28946 | Shoals:4 | Identified the +5 dagger of Dividends {drain, rCorr Str+2}
 29034 | Shoals:4 | Reached skill level 5 in Spellcasting
 29134 | Shoals:4 | Noticed a kraken
 29145 | Shoals:4 | Killed a kraken
 29147 | Shoals:4 | Reached skill level 22 in Polearms
 29160 | Shoals:4 | Reached XP level 18. HP: 98/168 MP: 20/26
 29173 | Shoals:4 | Got a barnacled rune of Zot
 29554 | Elf:1    | Entered Level 1 of the Elven Halls
 29740 | Elf:1    | Learned a level 5 spell: Alistair's Intoxication
 30093 | Elf:1    | Offered knowledge of Ignition by Vehumet.
 30751 | Abyss:3  | Found a corrupted altar of Lugonu.
 30751 | Abyss:3  | Cast into level 3 of the Abyss (a deep elf sorcerer)
 30755 | Abyss:3  | Found a corrupted altar of Lugonu.
 31007 | Elf:2    | Escaped the Abyss
 31453 | Elf:2    | Found Letiaxke's General Store.
 31461 | Elf:2    | Bought a scroll of identify for 34 gold pieces
 31509 | Elf:2    | Found Buokhlass's Tremendous Tomes.
 31650 | Elf:2    | Found a runed translucent gate.
 31652 | Elf:2    | Found a runed translucent gate.
 31657 | Elf:2    | Found a runed translucent gate.
 31902 | Elf:3    | Entered Level 3 of the Elven Halls
 32011 | Elf:3    | Identified the +0 trident "Ynaompikh" {pain, rN+}
 32081 | Elf:3    | Noticed a deep elf blademaster
 32098 | Elf:3    | Noticed a Tzitzimitl
 32104 | Elf:3    | Killed a deep elf blademaster
 32120 | Elf:3    | Reached XP level 19. HP: 63/176 MP: 29/31
 32368 | Elf:3    | Identified the ring of Spontaneous Combustion {rF+ SInv}
 32374 | Elf:3    | Noticed a Hell Sentinel
 32377 | Elf:3    | Identified the +0 robe "Muera" {rPois Str+3}
 32387 | Elf:3    | Noticed an Ice Fiend
 32415 | Elf:3    | Offered knowledge of Shatter by Vehumet.
 32415 | Elf:3    | Offered knowledge of Polar Vortex by Vehumet.
 32415 | Elf:3    | Offered knowledge of Maxwell's Capacitive Coupling by
                  | Vehumet.
 32482 | Elf:3    | Noticed Louise
 32504 | Elf:3    | Killed Louise
 32670 | Elf:3    | Noticed a Hell Sentinel
 32670 | Elf:3    | Noticed a Brimstone Fiend
 32849 | Elf:3    | Reached skill level 23 in Polearms
 32909 | Elf:3    | Identified the staff of Embarrassment {rPois Str+3 Dex+3
                  | Poison}
 32914 | Elf:3    | Identified the +0 helmet "Eqix" {-Tele rPois rN+++ Str-5}
 32945 | Elf:3    | Identified the +3 orcbow "Cocw" {drain, +Blink Dex+2}
 33061 | Elf:3    | Noticed a Tzitzimitl
 33062 | Elf:3    | Noticed a Brimstone Fiend
 33063 | Elf:3    | Reached skill level 10 in Transmutations
 33092 | Elf:3    | Found Zoack's Distillery.
 33100 | Elf:3    | Bought a potion of heal wounds for 95 gold pieces
 33100 | Elf:3    | Bought a potion of curing for 57 gold pieces
 33100 | Elf:3    | Bought a potion of curing for 57 gold pieces
 33100 | Elf:3    | Bought a potion of haste for 190 gold pieces
 34056 | Elf:2    | Noticed Aizul
 34080 | Elf:2    | Killed Aizul
 34288 | Elf:2    | Reached skill level 10 in Spellcasting
 34820 | Snake:1  | Entered Level 1 of the Snake Pit
 35320 | Vaults:1 | Entered Level 1 of the Vaults
 36190 | Snake:1  | Reached XP level 20. HP: 185/185 MP: 34/34
 36803 | Snake:2  | Found a transporter.
 36804 | Snake:2  | Found a transporter.
 36858 | Snake:2  | Found Rugohiuh's Antique Weapon Emporium.
 36864 | Snake:2  | Found Plog's Antique Weapon Shoppe.
 36885 | Snake:2  | Bought a glowing spear for 234 gold pieces
 36891 | Snake:2  | Bought a glowing spear for 228 gold pieces
 37075 | Snake:2  | You fall into a shaft and drop 1 floor!
 37214 | Snake:2  | Found a shimmering blue altar of Sif Muna.
 37223 | Snake:2  | Found a transporter.
 37228 | Snake:2  | Found a transporter.
 37235 | Snake:2  | Found a transporter.
 37236 | Snake:2  | Found a transporter.
 37540 | Snake:3  | Found an iron altar of Okawaru.
 37575 | Snake:3  | Noticed Qiytos's ghost (adept MiMo)
 37589 | Snake:3  | Found a transporter.
 37597 | Snake:3  | Found a transporter.
 37638 | Snake:3  | Killed Qiytos's ghost
 37660 | Snake:3  | Identified the +5 plate armour "Lonul" {-Cast +Blink Str+2}
 38210 | Snake:4  | Entered Level 4 of the Snake Pit
 38319 | Snake:4  | Acquired 999 gold pieces
 38884 | Snake:4  | Got a serpentine rune of Zot
 39593 | Vaults:1 | Noticed Norris
 39619 | Vaults:1 | Killed Norris
 39620 | Vaults:1 | Reached skill level 15 in Poison Magic
 39719 | Vaults:1 | Noticed Nikola
 39742 | Vaults:1 | Killed Nikola
 39743 | Vaults:1 | Reached skill level 15 in Dodging
 39753 | Vaults:1 | Reached XP level 21. HP: 175/192 MP: 30/35
 40170 | Vaults:1 | Identified the +5 kite shield of Liberty {Int+3 Dex+4}
 40170 | Vaults:1 | Noticed Asterion
 40179 | Vaults:1 | Killed Asterion
 40180 | Vaults:1 | Reached skill level 24 in Polearms
 40365 | Vaults:1 | Found Qecifet's Antique Armour Shop.
 40381 | Vaults:1 | Bought a runed robe for 122 gold pieces
 40761 | Vaults:2 | Noticed Xtahua
 40820 | Vaults:2 | Killed Xtahua
 41127 | Abyss:3  | Cast into level 3 of the Abyss (a wizard)
 41148 | Abyss:4  | Found a corrupted altar of Lugonu.
 41210 | Abyss:4  | Found a corrupted altar of Lugonu.
 41422 | Abyss:5  | Gained mutation: Armour fits poorly on your strangely
                  | shaped body. [a cacodemon]
 41462 | Abyss:5  | Found a transporter.
 41504 | Abyss:5  | Reached skill level 25 in Polearms
 41521 | Abyss:5  | Gained mutation: You are frail. (-10% HP) [a cacodemon]
 41535 | Abyss:5  | Found a transporter.
 41538 | Abyss:5  | Found a transporter.
 41540 | Abyss:5  | Got an abyssal rune of Zot
 41549 | Abyss:5  | Found a transporter.
 41750 | Abyss:5  | Gained mutation: You are very frail. (-20% HP) [a neqoxec]
 41761 | Abyss:5  | Gained mutation: Your body sometimes deteriorates upon
                  | taking damage. [a neqoxec]
 41799 | Vaults:2 | Escaped the Abyss
 41837 | Vaults:2 | HP: 4/156 [ghostly tengu reaver/bolt of acid (31)]
 41865 | Vaults:2 | Slain by a stone giant

Illustrated notes

Levels and vault maps discovered:
D:1:      minmay_arrival_widening_spiral_wide, layout_loops_cross,
          serial_forest, infiniplex_forest_end_2, infiniplex_forest_clump_tiny,
          infiniplex_forest_zigzag_2, infiniplex_forest_clump_double,
          infiniplex_forest_clump_long, infiniplex_forest_clump_curved
D:2:      layout_rooms, serial_shops, nicolae_shop_just_a_little_nook,
          item_on_display_b, uniq_jessica
D:3:      layout_basic, uniq_natasha
D:4:      layout_loops_corners, nemelex_xobeh_ov_fountains_minmay,
          cheibriados_altar_1, grunt_ministairs_4, nrook_mini_backslash,
          uniq_robin
D:5:      layout_basic, jmf_multi_god_temple,
          gammafunk_temple_overflow_elements, old_standard_altar, temple_pool_b,
          minmay_chambers_of_fives
D:6:      layout_basic, mainiacjoe_overflow_24_doors
D:7:      layout_cave_pods, lightli_orcish_oven
D:8:      layout_gridville, general_overflow_altar, ashenzari_altar_1,
          kennysheep_mini_moat, roderic_cross_of_infinity,
          hellmonk_bongcloud_opening, nrook_campfire
D:9:      layout_rooms, minmay_statue_crystal_thing, uniq_joseph
D:10:     layout_irregular_city, grunt_lair_entry_orc_guard_hut, orc_david_3,
          kennysheep_generic_room_5
D:11:     layout_cave_pools, serial_shops, shop_fountains, uniq_gastronok
D:12:     layout_loops_cross, grunt_decor_cap, serial_bayou_lagoon_b,
          uniq_nergalle, uniq_sonja
D:13:     layout_small_grid, david_vaults_5, chequers_avenue,
          grunt_decor_mini_mirrors, minmay_stone_trees_medium, kennysheep_dice,
          uniq_frances, uniq_urug, uniq_josephine, uniq_lodul
D:14:     layout_rooms
D:15:     grunt_enter_depths_hoard, layout_loops_ring, serial_shops,
          nicolae_square_shop, old_standard_altar, nrook_mini_vaults,
          minmay_misc_feat_roman
Temple:   jpeg_temple_clearing
Lair:1:   layout_cave_pods, serial_forest, infiniplex_forest_clump_double,
          infiniplex_forest_lined_corner, infiniplex_forest_clump_small,
          infiniplex_forest_clump_long, infiniplex_forest_straight_2,
          infiniplex_forest_clump_diagonal, grunt_megastairs_5
Lair:2:   layout_layer_cave, minmay_shoals_entry_hut,
          nicolae_snake_entry_warm_welcome, grunt_forest_stairs_clearing,
          infiniplex_staircase_pool_2
Lair:3:   layout_chaotic_city, hellmonk_ghost_happy_afterlife,
          pdpol_lair_neglected_garden, nicolae_lair_grazing_beasts
          [nicolae_sub_lair_graze_edge, nicolae_sub_lair_graze_edge,
          nicolae_sub_lair_graze_edge, nicolae_sub_lair_graze_edge],
          uniq_amaemon
Lair:4:   layout_hall_layers, nicolae_slime_entry_slimehenge,
          gammafunk_ghost_hydra_chop, serial_bayou_shore_b, uniq_rupert
Lair:5:   evilmike_catoblepas_cave, layout_small_grid,
          chequers_serial_rivers_micro_d, lemuel_centaur_altar
Shoals:1: dreamdust_from_the_deep, layout_shoals, hangedman_feature_mirror,
          nicolae_shoals_lost_giant_hut
Shoals:2: layout_shoals, ebering_ghost_reflecting_pool
Shoals:3: layout_shoals
Shoals:4: shoals_end_grunt_ice, layout_shoals, nicolae_shoals_square_sea_wall
Snake:1:  layout_basic, nicolae_snake_coiling_death, grunt_megastairs_4
Snake:2:  layout_onion_interference, basic_altar, st_stairs_11,
          serial_nicolae_subway, nicolae_sub_station_stone,
          nicolae_sub_station_crystal, nicolae_sub_station_metal,
          minmay_shoptagon
Snake:3:  layout_misc_corridors, basic_altar, gammafunk_ghost_arena,
          nicolae_snake_shapes
Snake:4:  grunt_snake_rune_pools, layout_rooms, nicolae_triple_integral
Orc:1:    lemuel_ogre_cave, layout_caves, uniq_erica
Orc:2:    st_orc_mages, layout_caves, portal_ice_cave_entry_imps, serial_shops,
          nicolae_shop_temple_entry_statues_fountains, library_closet,
          kennysheep_orc_sif_temple
Elf:1:    elf_arrival_002, layout_geoelf_diagonals,
          kennysheep_underground_church
Elf:2:    nicolae_elf_blades_splatter_lattice
          [nicolae_vaults_blade_armed_guards], layout_gridlike, serial_shops,
          shop, statue_in_the_mist_lemuel, grunt_ministairs_7,
          nicolae_shop_i_like_big_books, uniq_aizul
Elf:3:    grunt_elf_hall_spiral, layout_gridlike, serial_shops, shop,
          uniq_louise
Vaults:1: nicolae_vaults_quartermaster, v_misc_19, vaults_mumra_hexcomb,
          nicolae_vaults_closet_pinwheel_4, serial_ice_h,
          layout_vaults_omnigrid, serial_shops, nicolae_shop_tiny_glass,
          uniq_norris, uniq_asterion, uniq_nikola
Vaults:2: hangedman_vaults_stitches, ontoclasm_vaults_spin, st_check,
          ontoclasm_vaults_fault, nicolae_vaults_tetromino_L_2, v_misc_18,
          v_pattern_4, nicolae_vaults_apartment_2, layout_vaults_chaotic_city,
          serial_glass, uniq_xtahua

Skill      XL: |  1  2  3  4  5  6  7  8  9 10 11 12 13 14 15 16 17 18 19 20 21 |
---------------+----------------------------------------------------------------+-----
Dodging        | 3 4 6 8 9 10 11 12 15 | 15.1
Transmutations | 2 4 5 7 8 10 12 | 12.0
Fighting       | 1 2 3 4 5 7 9 11 12 16 18 19 21 22 23 24 | 24.3
Polearms       | 1 2 4 5 6 8 10 13 15 16 17 19 20 22 23 25 | 25.2
Poison Magic   | 4 5 6 7 8 10 11 12 15 | 15.0
Shields        | 1 7 10 12 | 12.1
Evocations     | 5 6 |  6.0
Stealth        | 4 |  4.0
Spellcasting   | 5 8 10 | 10.0

Action                     |  1- 3 |  4- 6 |  7- 9 | 10-12 | 13-15 | 16-18 | 19-21 || total
---------------------------+-------+-------+-------+-------+-------+-------+-------++-------
  Melee: Spear             |    39 |   135 |     8 |       |       |       |       ||   182
         Unarmed           |     5 |       |       |       |       |       |       ||     5
         Punch             |       |     1 |       |       |     9 |     2 |       ||    12
         Halberd           |       |       |   231 |   204 |       |       |       ||   435
         Trident           |       |       |     8 |       |       |       |       ||     8
         Glaive            |       |       |       |   172 |    23 |       |       ||   195
         Demon trident     |       |       |       |       |   863 |  1122 |  1202 ||  3187
         Tailslap          |       |       |       |       |     3 |    30 |    44 ||    77
   Cast: Sting             |    29 |    53 |   100 |    78 |    58 |    43 |    27 ||   388
         Poisonous Vapours |     3 |    29 |    38 |    51 |    51 |    63 |    74 ||   309
         Olgreb's Toxic Ra |       |     1 |     5 |    28 |   114 |   135 |    75 ||   358
         Alistair's Intoxi |       |       |       |       |       |     2 |     2 ||     4
         Eringya's Noxious |       |       |       |       |       |       |    80 ||    80
  Evoke: Wand              |       |       |       |       |     2 |       |    12 ||    14
         Phial of floods   |       |       |       |       |       |       |     2 ||     2
         Phantom mirror    |       |       |       |       |       |       |     2 ||     2
         Lightning rod     |       |       |       |       |       |       |     4 ||     4
    Use: Scroll            |       |     3 |     1 |    10 |     2 |    14 |    15 ||    45
         Potion            |       |       |     1 |     3 |     4 |     2 |    25 ||    35
   Stab: Sleeping          |     3 |     1 |       |     2 |     3 |     9 |    15 ||    33
         Distracted        |       |       |       |     1 |     2 |     3 |     9 ||    15
         Petrified         |       |       |       |       |       |    13 |       ||    13
         Petrifying        |       |       |       |       |       |     3 |       ||     3
         Confused          |       |       |       |       |       |       |     1 ||     1
         Invisible         |       |       |       |       |       |       |     1 ||     1
 Armour: Robe              |     7 |    61 |    49 |       |    70 |   244 |   145 ||   576
         Steam dragon scal |       |       |    23 |     8 |       |       |       ||    31
         Leather armour    |       |       |    10 |   157 |   179 |       |       ||   346
  Dodge: Dodged            |    37 |   105 |   223 |   499 |   652 |   608 |   819 ||  2943
  Block: Tower shield      |       |       |       |       |       |   903 |   676 ||  1579
         Reflection        |       |       |       |       |       |       |    18 ||    18
         Kite shield       |       |       |       |       |       |       |   355 ||   355

Table legend: (Time is in decaauts)
 A = Elapsed time spent in this place.
 B = Non-inter-level travel time spent in this place.
 C = Inter-level travel time spent in this place.
 D = Time resting spent in this place.
 E = Time spent auto-exploring this place.
 F = Levels seen in this place.
 G = Mean time per level.
                   A        B        C        D        E       F      G
               +--------+--------+--------+--------+--------+-----+--------+
         Total |  40337 |  37405 |   2932 |    818 |  26741 |  41 |  983.8 |
       Dungeon |  17979 |  16664 |   1315 |     90 |  13171 |  15 | 1198.6 |
        Temple |     92 |     78 |     14 |      0 |      0 |   1 |   92.0 |
          Lair |   5159 |   4471 |    688 |      0 |   3533 |   5 | 1031.8 |
        Shoals |   3408 |   3184 |    224 |     19 |   2017 |   4 |  852.0 |
     Snake Pit |   3665 |   3468 |    197 |     71 |   2329 |   4 |  916.2 |
  Orcish Mines |   2253 |   2079 |    174 |    213 |   1349 |   2 | 1126.5 |
   Elven Halls |   4366 |   4077 |    289 |    297 |   2462 |   3 | 1455.3 |
        Vaults |   1610 |   1582 |     28 |      0 |   1088 |   2 |  805.0 |
         Abyss |    849 |    849 |      0 |     31 |    153 |   4 |  212.2 |
      Ice Cave |    951 |    951 |      0 |     97 |    635 |   1 |  951.0 |
               +--------+--------+--------+--------+--------+-----+--------+

Top non-repeatable levels by time:
   Elf:2: 1775 daAuts
    D:13: 1754 daAuts
     D:6: 1585 daAuts
   Elf:3: 1536 daAuts
    D:12: 1472 daAuts
    D:10: 1429 daAuts
    D:15: 1421 daAuts
  Lair:5: 1384 daAuts
     D:5: 1374 daAuts
     D:4: 1326 daAuts
 Snake:1: 1231 daAuts
  Lair:1: 1175 daAuts
Vaults:1: 1171 daAuts
    D:14: 1136 daAuts
   Orc:2: 1136 daAuts
